 Dungeon Crawl Stone Soup version 0.16-a0-2568-g6e0b792 (webtiles) character file.

3628 Prospero the Blocker (level 10, -14/73 HPs)
             Began as a Human Fighter on Nov 21, 2014.
             Was an Initiate of Okawaru.
             Killed from afar by Psyche (20 damage)
             ... with a wand of draining
             ... on level 8 of the Dungeon.
             The game lasted 00:49:33 (8712 turns).

Prospero the Blocker (Human Fighter)                Turns: 8712, Time: 00:49:34

Health: -14/73     AC: 15    Str: 19    XL:     10   Next: 33%
Magic:  10/10      EV:  3    Int:  8    God:    Okawaru [......]
Gold:   290        SH: 17    Dex: 16    Spells: 0 memorised, 9 levels left

rFire  . . .     SeeInvis .     a - +1 long sword
rCold  . . .     Clarity  +     k - +0 chain mail
rNeg   . . .     SustAb   .     h - +2 large shield
rPois  .         Gourm    .     j - +2 helmet
rElec  .         Spirit   .     z - +2 cloak
rCorr  .         Warding  .     (no gloves)
rMut   .         Rnd*Tele +     (no boots)
MR     .....                    A - amulet of clarity
Stlth  ..........               (no ring)
                                (no ring)

@: heavily drained, not resistant to hostile enchantments, extremely unstealthy
A: hooves 1, agile 1, blurry vision 1, teleportitis 1
a: Renounce Religion


You were on level 8 of the Dungeon.
You worshipped Okawaru.
Okawaru was noncommittal.
You were hungry.

You visited 2 branches of the dungeon, and saw 9 of its levels.

You collected 290 gold pieces.

Inventory:

Hand weapons
 a - a +1 long sword (weapon)
 f - a +1 dagger of venom
 g - a +0 whip of freezing
 m - a cursed +3 dire flail of freezing
 r - a +0 hunting sling
 y - a +0 halberd
 F - a +0 hunting sling
 K - the cursed -4 hammer "Gaaj" {freeze, rC+}
   (You found it on level 7 of the Dungeon)

   It has been specially enchanted to freeze those struck by it, causing extra
   injury to most foes and up to double damage against particularly susceptible
   opponents.
   It can also slow down cold-blooded creatures.
   It protects you from cold.
   It has a curse placed upon it.
 L - a +0 hammer
 M - a +4 quarterstaff of chaos
Missiles
 p - 18 stones (quivered)
 u - 38 sling bullets
Armour
 b - a +0 scale mail
 c - a +0 shield
 h - a +2 large shield (worn)
 j - a +2 helmet (worn)
 k - a +0 chain mail (worn)
 o - a +0 chain mail
 z - a +2 cloak (worn)
 N - a +0 cloak
Jewellery
 n - an uncursed amulet of stasis
 q - an uncursed amulet of resist corrosion
 A - an amulet of clarity (around neck)
Magical devices
 O - a wand of flame (45)
Scrolls
 e - 2 scrolls of teleportation
 t - 2 scrolls of remove curse
 J - a scroll of enchant armour
 Q - a scroll of fear
Potions
 l - 2 potions of restore abilities
 D - 2 potions of flight
 G - a potion of lignification
 H - 2 potions of curing
 I - a potion of haste
Books
 B - a book of the Dragon

   Spells                             Type                      Level
   Flight                             Charms/Air                   3
   Cause Fear                         Hexes                        4
   Bolt of Fire                       Conjuration/Fire             6
   Dragon Form                        Transmutation                7
   Dragon's Call                      Summoning                    9
 P - a book of Cantrips

   Spells                             Type                      Level
   Corona                             Hexes                        1
   Animate Skeleton                   Necromancy                   1
   Summon Small Mammal                Summoning                    1
   Apportation                        Translocation                1
Comestibles
 d - 5 bread rations
 i - 3 fruits
 s - 5 meat rations
 v - 2 royal jellies
 C - 2 beef jerkies


   Skills:
 + Level 4.4(1.9) Fighting
 * Level 5.6(2.9) Long Blades
 * Level 1.6(0.9) Slings
 * Level 4.7(2.3) Throwing
 * Level 6.2(3.5) Armour
 + Level 4.6(2.0) Dodging
 + Level 0.7(0.0) Stealth
 * Level 9.4(6.5) Shields
 + Level 0.2(0.0) Evocations


You had 9 spell levels left.
You didn't know any spells.

Dungeon Overview and Level Annotations

Branches:
Dungeon (8/15)             Temple (1/1) D:7
   Lair: D:8-11

Altars:
Ashenzari
Cheibriados
Dithmenos
Elyvilon
Fedhas
Gozag
Kikubaaqudgha
Makhleb
Nemelex Xobeh
Okawaru
Qazlal
Ru
Sif Muna
Trog
Vehumet
Xom
Yredelemnul
Zin
The Shining One

Shops:
D:5 [

Annotations:
D:8 Prince Ribbit, Psyche


Innate Abilities, Weirdness & Mutations

You have large cloven feet.
You are agile. (Dex +2)
Your vision is a little blurry.
Space occasionally distorts in your vicinity.


Message History

Aim: Psyche, wielding a dagger of chaos, wearing an embroidered robe and carrying a wand of draining {zapped: 1} (fast)
You throw a throwing net. The throwing net hits Psyche.
Psyche is caught in the net!
Psyche zaps a wand.
The bolt of negative energy hits you!
You feel drained.
Psyche struggles against the net.
Psyche struggles against the net.
Psyche zaps a wand.
The bolt of negative energy hits you!
You feel drained.
* * * LOW HITPOINT WARNING * * *
Psyche struggles to escape the net.
The helpless Psyche fails to defend herself.
You hit Psyche but do no damage. You kick Psyche, but do no damage.
Psyche zaps a wand.
The bolt of negative energy hits you!
You feel drained.
* * * LOW HITPOINT WARNING * * *
Psyche struggles to escape the net.
Prince Ribbit hits you.
* * * LOW HITPOINT WARNING * * *
Drink which item? (? for menu, Esc to quit)
You feel better. Prince Ribbit hits you!
* * * LOW HITPOINT WARNING * * *
Psyche zaps a wand.
The bolt of negative energy hits you!
You feel drained.
You die...

..........# #........#
#......#.## .
##......#..##.#
..#####.....†....#...
..................#
.................##
.................##
........@F.......###
.......@...........###..#
..............#.........
#......####...#...##....
#....## ##......## ###
...######......##
..........)...#
.............#
...#####..##.....#


You could see Prince Ribbit and Psyche (caught).

Vanquished Creatures
  Pikel (D:4)
  Grinder (D:5)
  The ghost of smajdalf the Digger, an average DgEE (D:4)
  A two-headed ogre (D:8)
  The ghost of ConnectionFaild the Shooter, an average GrHu (D:3)
  2 yaks (D:5)
  A hippogriff (D:4)
  Edmund (D:4)
  A water moccasin (D:8)
  A phantom (D:6)
  2 sky beasts
  A centaur (D:5)
  2 ice beasts
  3 ogres
  3 giant frogs
  3 wights (D:8)
  A goliath beetle (D:5)
  A giant frog zombie (D:6)
  Crazy Yiuf (D:7)
  A hound (D:4)
  4 orc wizards
  5 worker ants
  A killer bee zombie (D:8)
  12 adders
  10 gnolls
  2 shadow imps
  An adder skeleton (D:5)
  An adder zombie (D:6)
  An ooze (D:2)
  13 orcs
  14 bats
  A bat skeleton (D:4)
  A bat zombie (D:6)
  2 giant cockroaches
  2 gnoll zombies (D:4)
  14 goblins
  13 hobgoblins
  7 jackals
  4 quokkas
  3 ball pythons
  3 giant geckos
  5 giant newts
  A goblin zombie (D:4)
  8 kobolds
  19 rats
  5 ballistomycetes (D:7)
181 creatures vanquished.

Vanquished Creatures (others)
  2 orcs (D:4)
  A giant spore (D:7)
  A kobold (D:4)
4 creatures vanquished.

Grand Total: 185 creatures vanquished

Notes
Turn   | Place    | Note
--------------------------------------------------------------
     0 | D:1      | Prospero, the Human Fighter, began the quest for the Orb.
     0 | D:1      | Reached XP level 1. HP: 18/18 MP: 1/1
    87 | D:1      | Reached XP level 2. HP: 9/24 MP: 2/2
   491 | D:1      | Reached XP level 3. HP: 29/29 MP: 3/3
  1771 | D:3      | Reached XP level 4. HP: 27/35 MP: 4/4
  1885 | D:3      | Noticed an ogre
  2208 | D:3      | Noticed ConnectionFaild's ghost (average GrHu)
  2565 | D:4      | Noticed smajdalf's ghost (average DgEE)
  2598 | D:4      | Killed smajdalf's ghost
  2598 | D:4      | Reached skill level 1 in Throwing
  2598 | D:4      | Reached skill level 4 in Armour
  2598 | D:4      | Reached skill level 1 in Dodging
  2598 | D:4      | Reached XP level 5. HP: 37/41 MP: 5/5
  2598 | D:4      | Reached XP level 6. HP: 42/47 MP: 6/6
  2913 | D:4      | Noticed Edmund
  2953 | D:4      | Killed Edmund
  2953 | D:4      | Reached skill level 5 in Shields
  2953 | D:4      | Reached XP level 7. HP: 45/52 MP: 7/7
  2973 | D:4      | Noticed a hippogriff
  3010 | D:4      | Killed a hippogriff
  3130 | D:4      | Found a sacrificial altar of Ru.
  3135 | D:4      | Noticed a slave
  3136 | D:4      | Noticed a slave
  3136 | D:4      | Noticed a slave
  3137 | D:4      | Noticed Pikel
  3137 | D:4      | Noticed a slave
  3199 | D:4      | Killed Pikel
  3199 | D:4      | Reached skill level 6 in Shields
  3199 | D:4      | Reached XP level 8. HP: 38/60 MP: 8/8
  3331 | D:4      | Found a basalt altar of Yredelemnul.
  3517 | D:3      | Killed an ogre
  4238 | D:3      | Killed ConnectionFaild's ghost
  4238 | D:3      | Reached skill level 5 in Armour
  4238 | D:3      | Reached skill level 7 in Shields
  4238 | D:3      | Reached XP level 9. HP: 42/65 MP: 9/9
  4393 | D:5      | Entered Level 5 of the Dungeon
  4668 | D:5      | Noticed Grinder
  4670 | D:5      | Paralysed by Grinder for 6 turns
  4687 | D:5      | Killed Grinder
  4949 | D:5      | Found Kyopoatu's Armour Boutique.
  4976 | D:5      | Reached skill level 8 in Shields
  6318 | D:6      | Gained mutation: You are agile. (Dex +2) [potion of mutation]
  6318 | D:6      | Gained mutation: Space occasionally distorts in your vicinity. [potion of mutation]
  6328 | D:6      | Gained mutation: You have large cloven feet. [potion of mutation]
  6328 | D:6      | Gained mutation: Your vision is a little blurry. [potion of mutation]
  6601 | D:6      | Found a radiant altar of Vehumet.
  6883 | D:6      | Reached skill level 5 in Long Blades
  7305 | D:7      | Reached XP level 10. HP: 65/71 MP: 10/10
  7343 | D:7      | Got a transparent hammer
  7344 | D:7      | Identified the cursed -4 hammer "Gaaj" {freeze, rC+} (You found it on level 7 of the Dungeon)
  7349 | D:7      | Noticed Crazy Yiuf
  7364 | D:7      | Killed Crazy Yiuf
  7464 | D:7      | Found a staircase to the Ecumenical Temple.
  7501 | Temple   | Entered the Ecumenical Temple
  7564 | Temple   | Became a worshipper of Warmaster Okawaru
  7743 | D:7      | Reached skill level 1 in Slings
  7743 | D:7      | Reached skill level 9 in Shields
  8693 | D:8      | Noticed Prince Ribbit
  8706 | D:8      | Noticed Psyche
  8712 | D:8      | Killed from afar by Psyche

Action                   |  1- 3 |  4- 6 |  7- 9 | 10-12 || total
-------------------------+-------+-------+-------+-------++-------
Melee: Long sword        |   156 |   188 |   682 |   174 ||  1200
 Fire: Hunting sling     |       |       |    12 |     7 ||    19
Throw: Stone             |       |       |     2 |       ||     2
       Throwing net      |       |       |     8 |     2 ||    10
Evoke: Wand              |       |       |       |     4 ||     4
  Use: Scroll            |     6 |     3 |    11 |     4 ||    24
       Potion            |     1 |     1 |     4 |     1 ||     7
 Stab: Held in net/web   |       |       |     5 |     1 ||     6
  Eat: Chunk             |     2 |     5 |     7 |     3 ||    17
       Bread ration      |       |       |     2 |       ||     2
       Pizza             |       |       |       |     1 ||     1
